 Dungeon Crawl Stone Soup version 0.25-a0-591-g2ad0d861f1 (webtiles) character file.

Game seed: 6809291059250622921, levelgen mode: deterministic

33 Emblim88 the Skirmisher (level 3, -1/35 HPs)
             Began as a Gnoll Abyssal Knight on Mar 14, 2020.
             Was a Believer of Lugonu.
             Slain by Terence
             ... wielding a +7 short sword of draining
              (5 damage)
             ... on level 2 of the Dungeon.
             The game lasted 00:01:52 (556 turns).

Emblim88 the Skirmisher (Gnoll Abyssal Knight)       Turns: 556, Time: 00:01:52

Health: -1/35      AC:  4    Str: 15    XL:     3   Next: 29%
Magic:  5/6        EV: 11    Int: 14    God:    Lugonu [**....]
Gold:   59         SH:  0    Dex: 14    Spells: 3/3 levels left

rFire    . . .     SeeInvis .   a - +1 mace
rCold    . . .     Gourm    .   (no shield)
rNeg     . . .     Faith    .   b - +0 leather armour
rPois    .         Spirit   .   (no helmet)
rElec    .         Reflect  .   h - +0 cloak
rCorr    .         Harm     .   (no gloves)
MR       .....                  (no boots)
Stlth    +.........             i - amulet of regeneration
HPRegen  0.51/turn              (no ring)
MPRegen  0.10/turn              (no ring)

@: heavily drained
A: distributed training, fangs 1, strong nose
a: Depart the Abyss, Bend Space, Renounce Religion


You were on level 2 of the Dungeon.
You worshipped Lugonu.
Lugonu was pleased with you.
You were not hungry.

You visited 1 branch of the dungeon, and saw 2 of its levels.
You visited the Abyss 1 time.

You collected 59 gold pieces.

Inventory:

Hand Weapons
 a - a +1 mace (weapon)
Missiles
 g - 20 poisoned darts (quivered)
Armour
 b - a +0 leather armour (worn)
 h - a +0 cloak (worn)
Jewellery
 i - an amulet of regeneration (around neck)
Scrolls
 f - a scroll of teleportation
 j - a scroll of remove curse
Comestibles
 c - a ration
 d - 2 chunks of flesh


   Skills:
 + Level 6.5(4.7) Fighting
 + Level 0.7(0.0) Short Blades
 + Level 0.7(0.0) Long Blades
 + Level 0.7(0.0) Axes
 + Level 4.5(2.8) Maces & Flails
 + Level 0.7(0.0) Polearms
 + Level 0.7(0.0) Staves
 + Level 0.7(0.0) Slings
 + Level 0.7(0.0) Bows
 + Level 0.7(0.0) Crossbows
 + Level 0.7(0.0) Throwing
 + Level 4.5(2.8) Armour
 + Level 2.6(0.9) Dodging
 + Level 0.7(0.0) Stealth
 + Level 0.7(0.0) Shields
 + Level 0.7(0.0) Unarmed Combat
 + Level 0.7(0.0) Spellcasting
 + Level 0.5(0.0) Conjurations
 + Level 0.5(0.0) Hexes
 + Level 0.5(0.0) Charms
 + Level 0.5(0.0) Summonings
 + Level 0.5(0.0) Necromancy
 + Level 0.5(0.0) Translocations
 + Level 0.5(0.0) Transmutations
 + Level 0.5(0.0) Fire Magic
 + Level 0.5(0.0) Ice Magic
 + Level 0.5(0.0) Air Magic
 + Level 0.5(0.0) Earth Magic
 + Level 0.5(0.0) Poison Magic
 + Level 4.5(2.8) Invocations
 + Level 0.7(0.0) Evocations


You had 3 spell levels left.
You didn't know any spells.
Your spell library was empty.

Dungeon Overview and Level Annotations

Branches:
Dungeon (2/15)

Altars:

Annotations:
D:2 Terence


Innate Abilities, Weirdness & Mutations

Your experience applies equally to all skills.
You have very sharp teeth.
Your uncanny sense of smell can sniff out nearby items.


Message History

Terence hits you with a +7 short sword of draining.
You feel drained.
* * * LOW HITPOINT WARNING * * *
You hit Terence but do no damage. You bite Terence, but do no damage.
Terence is heavily wounded.
Terence hits you with a +7 short sword of draining!
* * * LOW HITPOINT WARNING * * *
You feel drained.
You aren't carrying any potions.
Space bends around you!
You blink.
As you read the scroll labeled GOF HAXTE, it crumbles to dust.
It is a scroll of identify.
j - a scroll of remove curse
As you read the scroll of identify, it crumbles to dust.
f - a scroll of teleportation You hit Terence.
Terence is severely wounded.
Terence screams, "I'm going to kill you!"
Terence hits you with a +7 short sword of draining.
You die...

############
##.##.......#
##.#.#.#####.#
#.###..#
##.#<..#
##.##.# #
#.##.#####.#
#.##@@.....#
#.#####.####
#.# #[# #.#
#.# .[# #.#
#.# #g# #..
#.. #..


You could see Terence.

Vanquished Creatures
  A dart slug (D:1)
  A leopard gecko (D:1)
  2 giant cockroaches (D:1)
  A hobgoblin (D:1)
  2 jackals (D:1)
  8 bats (D:1)
  2 frilled lizards (D:1)
  5 goblins (D:1)
  5 kobolds (D:1)
  3 rats (D:1)
30 creatures vanquished.

Notes
Turn   | Place    | Note
-------+----------+-------------------------------------------
     0 | Abyss:1  | Emblim88 the Gnoll Abyssal Knight began the quest for the
                  | Orb.
     0 | Abyss:1  | Reached XP level 1. HP: 23/23 MP: 3/3
     9 | D:1      | Escaped the Abyss
    58 | D:1      | Reached XP level 2. HP: 23/29 MP: 5/5
   124 | D:1      | Reached ** piety under Lugonu
   230 | D:1      | Reached XP level 3. HP: 20/35 MP: 6/6
   544 | D:2      | Noticed Terence
   556 | D:2      | Slain by Terence

Levels and vault maps discovered:
D:1:      kennysheep_arrival_forest, layout_rooms, minmay_tetromino_l2
D:2:      layout_loops_ring, first_ration, trog_book, uniq_sigmund,
          uniq_terence, uniq_robin

Action                   || total
-------------------------++-------
Melee: Mace              ||    89
       Bite              ||    13
Invok: Bend Space        ||     1
  Use: Scroll            ||     2
Armor: Leather armour    ||    30
Dodge: Dodged            ||    64

Table legend:
 A = Non-vault XP
 B = Vault XP
 C = Vault XP percentage of total XP
 D = Non-vault monster count
 E = Vault monster count
 F = Vault count percentage of total count
                 A         B        C        D         E       F
            +---------+---------+-------+---------+---------+-------
      Total |      47 |       1 |   2.1 |      29 |       1 |   3.3
            +---------+---------+-------+---------+---------+-------
        D:1 |      47 |       1 |   2.1 |      29 |       1 |   3.3
            +---------+---------+-------+---------+---------+-------
